 Dungeon Crawl Stone Soup version 0.31.0-1-g2c135a0 (webtiles) character file.

Game seed: 2673575158620664839

2 Think the Shield-Bearer (level 1, -1/16 HPs)
             Began as an Octopode Fighter on Feb 27, 2024.
             Slain by a jackal (2 damage)
             ... on level 1 of the Dungeon.
             The game lasted 00:00:35 (18 turns).

Think the Shield-Bearer (Octopode Fighter)            Turns: 18, Time: 00:00:35

Health: -1/16      AC:  1    Str: 15    XL:     1   Next: 40%
Magic:  1/1        EV: 13    Int: 10    God:
Gold:   0          SH:  4    Dex: 11    Spells: 0/0 levels left

rFire   . . .        a - +0 long sword
rCold   . . .        b - +0 buckler
rNeg    . . .        (helmet restricted)
rPois   .            (no amulet)
rElec   .            (no ring)
rCorr   .            (no ring)
SInv    .            (no ring)
Will    .....        (no ring)
Stlth   ++           (no ring)
HPRegen 0.22/turn    (no ring)
MPRegen 0.07/turn    (no ring)
                     (no ring)

%: no passive effects
@: no status effects
A: almost no armour, amphibious, 8 rings, camouflage 1, gelatinous body 1,
(nimble swimmer 1), tentacles
a: no special abilities


You were on level 1 of the Dungeon.
You visited 1 branch of the dungeon, and saw 1 of its levels.

Inventory:

Hand Weapons
 a - a +0 long sword (weapon)
Armour
 b - a +0 buckler (worn)
Potions
 c - a potion of might


   Skills:
 + Level 3.0 Fighting
 + Level 2.0 Long Blades
 + Level 3.0 Dodging
 + Level 3.0 Shields


You couldn't memorise any spells.
You didn't know any spells.
Your spell library was empty.

Dungeon Overview and Level Annotations

Branches:
Dungeon (1/15)

Altars:


Innate Abilities, Weirdness & Mutations

You cannot wear most types of armour.
You are amphibious.
You can wear up to eight rings at the same time.
Your skin changes colour to match your surroundings (Stealth+).
Your rubbery body absorbs attacks. (AC +1, EV +1)
((You are camouflaged when in or above water. (Stealth+)))
You have tentacles for arms and can constrict up to eight enemies at once.


Message History

The jackal barely misses you. The kobold barely misses you.
You block the quokka's attack.
You hit the kobold but do no damage.
The kobold is severely wounded.
You constrict the kobold.
You kill the kobold!
The bat hits you but does no damage. The bat hits you.
You block the jackal's attack. You block the quokka's attack.
The jackal bites you. The bat hits you but does no damage.
You closely miss the bat. Your grab misses the bat. The bat hits you.
You block the bat's attack. The jackal barely misses you.
The quokka closely misses you. The jackal barely misses you. x2
The quokka closely misses you. You block the bat's attack.
You miss the bat. You grab the bat. You squeeze the bat.
You kill the bat!
The jackal closely misses you. You block the jackal's attack.
You block the quokka's attack. The jackal misses you.
The jackal barely misses you. The quokka bites you.
You closely miss the quokka. You grab the quokka. You constrict the quokka.
The jackal bites you. x2; The quokka closely misses you.
The jackal completely misses you.
The jackal bites you but does no damage.
You are too injured to fight recklessly!
You are too injured to fight recklessly!
You are too injured to fight recklessly!
You are too injured to fight recklessly!
You are too injured to fight recklessly!
You are too injured to fight recklessly!
You are too injured to fight recklessly!
You are too injured to fight recklessly!
You slash the quokka!
You kill the quokka!
The jackal bites you.
* * * LOW HITPOINT WARNING * * *
The jackal barely misses you. x2; The jackal bites you.
* * * LOW HITPOINT WARNING * * *
You hit the jackal. Your grab misses the jackal. You squeeze the jackal.
The jackal is almost dead.
The jackal barely misses you. The jackal bites you.
You die...

..... ....... #...
#...... #...###
#...... #..##.##
#...... #..#..[#
#..... #..'.<.+
##.....###.(#...#
......)h##..##.##
≈......@##...###..
≈≈≈...h...........
#≈≈≈..!##.........
#≈≈≈≈(# #.?.......
#≈≈≈≈. #####.#...
#≈≈≈≈≈ ...## #####
.###


You could see 2 jackals.

Vanquished Creatures
  A quokka (D:1)
  A bat (D:1)
  A kobold (D:1)
3 creatures vanquished.

Notes
Turn   | Place    | Note
-------+----------+-------------------------------------------
     0 | D:1      | Think the Octopode Fighter began the quest for the Orb.
     0 | D:1      | Reached XP level 1. HP: 16/16 MP: 1/1
    18 | D:1      | Slain by a jackal

Illustrated notes

Levels and vault maps discovered:
D:1:      dpeg_arrival_shelter, layout_rooms, minivault_14, grunt_decor_junction

Action                     || total
---------------------------++-------
  Melee: Long sword        ||     8
         Constrict         ||     3
         Tentacles         ||     2
 Armour: Skin              ||    12
  Dodge: Dodged            ||    17
  Block: Buckler           ||     8
